 Dungeon Crawl Stone Soup version 0.27-a0-1081-ge8a0a9c698 (webtiles) character file.

Game seed: 9721574505755130386

1389 1player the Nimble (level 8, -1/44 HPs)
             Began as a Deep Elf Conjurer on Apr 25, 2021.
             Was an Initiate of Vehumet.
             Slain by a white ugly thing (25 damage)
             ... on level 6 of the Dungeon.
             The game lasted 00:16:34 (7289 turns).

1player the Nimble (Deep Elf Conjurer)              Turns: 7289, Time: 00:16:35

Health: -1/44      AC: 12    Str:  4    XL:     8   Next: 40%
Magic:  7/14       EV: 18    Int: 25    God:    Vehumet [......]
Gold:   203        SH:  0    Dex: 22    Spells: 3/13 levels left

rFire    . . .     SeeInvis .   a - staff of conjuration
rCold    . . .     Faith    .   (no shield)
rNeg     . . .     Spirit   .   t - +1 robe of Hubris {Dex+8}
rPois    .         Reflect  .   u - +2 helmet
rElec    .         Harm     .   (no cloak)
rCorr    .         Rampage  .   (no gloves)
Will     .....                  v - +1 pair of boots
Stlth    +++.......             (no amulet)
HPRegen  0.14/turn              l - +4 ring of protection
MPRegen  0.14/turn              C - ring of wizardry

@: lethally poisoned (-1 -> -4)
A: no striking features
a: Renounce Religion


You were on level 6 of the Dungeon.
You worshipped Vehumet.
Vehumet was noncommittal.
You visited 2 branches of the dungeon, and saw 7 of its levels.

You collected 229 gold pieces.
You spent 26 gold pieces at shops.

Inventory:

Hand Weapons
 b - a +1 vorpal spear
 c - a +0 dagger
Missiles
 i - 8 atropa-tipped darts
 x - 29 poisoned darts
Armour
 t - the +1 robe of Hubris (worn) {Dex+8}
   (You found it on level 4 of the Dungeon)

   It affects your dexterity (+8).
 u - a +2 helmet (worn)
 v - a +1 pair of boots (worn)
Magical Staves
 a - a staff of conjuration (weapon)
Jewellery
 l - a +4 ring of protection (left hand)
 C - a ring of wizardry (right hand)
Wands
 w - a wand of digging (4)
 B - a wand of mindburst (18)
Scrolls
 d - a scroll of enchant weapon {unknown}
 g - a scroll of brand weapon {unknown}
 k - a scroll of enchant armour
 m - a scroll of fog {unknown}
 q - 2 scrolls of blinking {unknown}
 y - a scroll of fear {unknown}
 D - a scroll of magic mapping {unknown}
 F - 3 scrolls of immolation {unknown}
Potions
 f - a potion of invisibility
 h - 2 potions of ambrosia
 n - a potion of mutation {!q}
 o - 2 potions of magic
 r - a potion of haste {unknown}
 A - 2 potions of curing {unknown}
 E - a potion of attraction {unknown}


   Skills:
 - Level 2.0 Fighting
 - Level 4.0 Throwing
 + Level 8.5 Dodging
 - Level 4.0 Stealth
 - Level 3.0 Spellcasting
 - Level 6.0 Conjurations
 - Level 4.6 Hexes
 + Level 0.5 Invocations


You had 3 spell levels left.
You knew the following spells:

 Your Spells              Type           Power      Damage    Failure   Level
a - Dazzling Flash        Conj/Hex       90%        N/A       1%          3
q - Magic Dart            Conj           100%       1d8       1%          1
x - Fulminant Prism       Conj/Hex       22%        3d13      4%          4
z - Searing Ray           Conj           100%       3d7       1%          2

Your spell library contained the following spells:

 Spells                   Type           Power      Damage    Failure   Level
 Iskenderun's Mystic Bla  Conj/Tloc      28%        2d7       12%         4


Dungeon Overview and Level Annotations

Branches:
Dungeon (6/15)             Temple (1/1) D:4

Altars:
Ashenzari
Cheibriados
Dithmenos
Fedhas
Gozag
Hepliaklqana
Kikubaaqudgha
Makhleb
Nemelex Xobeh
Okawaru
Qazlal
Sif Muna
Trog
Uskayaw
Vehumet
Wu Jian
Xom
Yredelemnul
Zin
The Shining One

Shops:
D:2 ?([?=   D:4 [

Annotations:
D:4 1 transporter, Darold's ghost, amateur MiHu
D:6 Maggie


Message History

You are poisoned.
You feel yourself slow down.
The searing ray hits the hornet!
The hornet is heavily wounded.
You feel very sick. The hornet closely misses you.
The hornet completely misses you.
The searing ray hits the hornet.
The hornet is heavily wounded.
The searing ray hits the white ugly thing!
The white ugly thing is lightly wounded.
You finish channeling your searing ray.
You feel yourself speed up.
You feel very sick.
The hornet stings you but does no damage. x2
You feel sick. The hornet completely misses you.
Casting: Searing Ray (safe; 1% risk of failure)
Confirm with . or Enter, or press ? or * to list all spells.
Aiming: Searing Ray (safe; 1% risk of failure)
Press: ? - help, Shift-Dir - straight line, f - white ugly thing
Aim: a white ugly thing (lightly wounded, 83% to hit)
You feel a surge of power!
The searing ray hits the white ugly thing!
The white ugly thing is moderately wounded.
The searing ray hits the hornet!
The hornet is almost dead.
The searing ray hits the steam dragon!
The steam dragon is moderately wounded. (Press . to maintain the ray.)
You feel sick.
The searing ray hits the white ugly thing!
The white ugly thing is moderately wounded.
The searing ray hits the hornet!
You kill the hornet!
Vehumet accepts your kill.
The searing ray misses the steam dragon.
You feel sick.
You hear an angry hiss.
The white ugly thing gores you. The white ugly thing freezes you!!
Ouch! That really hurt!
You die... .... .... #..# #..# ..####### #D..y.DuS

#.#######
#u##....## .
.....#
#@#....#.#.#.
.....#
..##........#...
.....#
...##.........#
.....#
....#........#
.....#
........[.....#
.....#
######........##
....#
#.........#..
..<#
#............
...#
#.[..........


You could see a white ugly thing and a steam dragon.

Vanquished Creatures
  A hornet (D:6)
  Prince Ribbit (D:5)
  Sigmund (D:4)
  A sky beast (D:3)
  2 ice beasts (D:5)
  A black bear (D:4)
  2 bullfrog zombies (D:5)
  2 hounds
  3 orc priests
  4 orc wizards
  Ijyb (D:4)
  Terence (D:3)
  4 iguanas
  A howler monkey skeleton (D:5)
  10 gnolls
  2 adders
  2 white imps (D:6)
  2 worms (D:2)
  2 dart slugs
  9 orcs
  5 endoplasms
  6 giant cockroaches
  8 goblins
  5 hobgoblins
  8 jackals
  4 quokkas
  4 ball pythons
  2 bats (D:2)
  4 frilled lizards
  3 kobolds
  7 rats
108 creatures vanquished.

Vanquished Creatures (others)
  A fulminant prism (D:5)
1 creature vanquished.

Grand Total: 109 creatures vanquished

Notes
Turn   | Place    | Note
-------+----------+-------------------------------------------
     0 | D:1      | 1player the Deep Elf Conjurer began the quest for the Orb.
     0 | D:1      | Reached XP level 1. HP: 10/10 MP: 6/6
   268 | D:1      | Reached skill level 3 in Dodging
   268 | D:1      | Reached XP level 2. HP: 16/16 MP: 4/8
   314 | D:1      | Learned a level 2 spell: Searing Ray
   358 | D:1      | Reached skill level 1 in Fighting
  1059 | D:2      | Found Efofanewus's Magic Scroll Shop.
  1223 | D:2      | Reached XP level 3. HP: 20/20 MP: 7/9
  1580 | D:2      | Found Nosy's Jewellery Emporium.
  1642 | D:2      | Found Valiweil's Armour Boutique.
  1656 | D:2      | Reached skill level 4 in Dodging
  1730 | D:2      | Reached XP level 4. HP: 26/26 MP: 4/10
  1834 | D:2      | Found Vialokk's Magic Scroll Shoppe.
  1846 | D:2      | Bought a scroll of identify for 26 gold pieces
  1890 | D:2      | Found Vaxtaetzo's Antique Weapon Shoppe.
  2873 | D:3      | Noticed Terence
  3006 | D:3      | Found a faded altar of an unknown god.
  3199 | D:3      | Noticed a sky beast
  3206 | D:3      | Killed a sky beast
  3207 | D:3      | Reached skill level 5 in Dodging
  3207 | D:3      | Reached XP level 5. HP: 13/30 MP: 1/11
  3667 | D:3      | Reached skill level 6 in Dodging
  3667 | D:3      | Reached XP level 6. HP: 35/35 MP: 7/12
  3721 | D:3      | Killed Terence
  4095 | D:4      | Identified the +1 robe of Hubris {Dex+8}
  4311 | D:4      | Reached skill level 1 in Hexes
  4471 | D:4      | Found a staircase to the Ecumenical Temple.
  4480 | Temple   | Entered the Ecumenical Temple
  4560 | D:4      | Noticed an angel
  4565 | D:4      | Reached skill level 5 in Conjurations
  4604 | D:4      | Learned a level 3 spell: Dazzling Flash
  4606 | D:4      | Found a shimmering altar of Xom.
  4607 | D:4      | Found a glowing silver altar of Zin.
  4829 | D:4      | Found a transporter.
  4831 | D:4      | Noticed Darold's ghost (amateur MiHu)
  4908 | D:4      | Found an opulent altar of Gozag.
  5047 | D:4      | Reached XP level 7. HP: 32/40 MP: 6/13
  5360 | D:4      | Noticed Ijyb
  5364 | D:4      | Noticed Sigmund
  5365 | D:4      | Killed Ijyb
  5371 | D:4      | Killed Sigmund
  5689 | D:4      | Found Oroinkucow's Armour Boutique.
  5834 | D:5      | Entered Level 5 of the Dungeon
  5854 | D:5      | Reached skill level 1 in Throwing
  5854 | D:5      | Reached skill level 7 in Dodging
  5966 | D:5      | Found a radiant altar of Vehumet.
  5972 | D:5      | Became a worshipper of Vehumet
  6215 | D:5      | Learned a level 4 spell: Fulminant Prism
  6353 | D:5      | Reached XP level 8. HP: 44/44 MP: 5/14
  6512 | D:5      | Noticed Prince Ribbit
  6521 | D:5      | Killed Prince Ribbit
  6522 | D:5      | Reached skill level 8 in Dodging
  6761 | D:5      | Found a hide-covered altar of Uskayaw.
  7192 | D:6      | Noticed Maggie
  7279 | D:6      | Noticed a hornet
  7279 | D:6      | Noticed a white ugly thing
  7289 | D:6      | Killed a hornet
  7289 | D:6      | Slain by a white ugly thing

Illustrated notes

Levels and vault maps discovered:
D:1:      giann_bridges, layout_basic
D:2:      layout_basic, serial_shops, shop, shop, shop_statue,
          nicolae_shop_crystal, shop, minmay_tall_x
D:3:      layout_basic, hellmonk_ecumenical_altar_prayer_group,
          kennysheep_generic_room_8, uniq_terence
D:4:      layout_loops_corners, grunt_temple_overflow_order_and_chaos_1,
          lemuel_doored_altar, minmay_temple_entry_proselytizer,
          gammafunk_ghost_smash, serial_shops, shop, uniq_sigmund, uniq_ijyb
D:5:      layout_gridville, old_standard_altar, kennysheep_little_box,
          uniq_prince_ribbit1
D:6:      layout_cave_pods, minmay_manual_monstrance, uniq_pikel,
          uniq_blork_the_orc, uniq_maggie
Temple:   eino_wide_crystal_templ

Skill      XL: |  1  2  3  4  5  6  7  8 |
---------------+-------------------------+-----
Dodging        | 3 4 5 6 7 8 |  8.5
Fighting       | 1 2 |  2.0
Stealth        | 4 |  4.0
Hexes          | 3 4 |  4.6
Conjurations   | 5 6 |  6.0
Throwing       | 2 4 |  4.0
Spellcasting   | |  3.0
Invocations    | |  0.5

Action                   |  1- 3 |  4- 6 |  7- 9 || total
-------------------------+-------+-------+-------++-------
Melee: Spear             |     6 |     8 |       ||    14
       Staff             |       |       |     9 ||     9
 Cast: Magic Dart        |    52 |    51 |    33 ||   136
       Searing Ray       |     5 |    24 |    20 ||    49
       Fulminant Prism   |       |       |     1 ||     1
       Dazzling Flash    |       |       |     1 ||     1
  Use: Scroll            |       |     5 |     2 ||     7
       Potion            |       |       |     1 ||     1
 Stab: Sleeping          |     2 |     1 |       ||     3
       Invisible         |       |       |     1 ||     1
Armor: Robe              |     2 |     6 |    13 ||    21
Dodge: Dodged            |     9 |    21 |    16 ||    46

Table legend: (Time is in decaauts)
 A = Elapsed time spent in this place.
 B = Non-inter-level travel time spent in this place.
 C = Inter-level travel time spent in this place.
 D = Time resting spent in this place.
 E = Time spent auto-exploring this place.
 F = Levels seen in this place.
 G = Mean time per level.
                   A        B        C        D        E       F      G
               +--------+--------+--------+--------+--------+-----+--------+
         Total |   7291 |   7126 |    165 |   2019 |   3762 |   7 | 1041.6 |
       Dungeon |   7229 |   7079 |    150 |   2019 |   3717 |   6 | 1204.8 |
        Temple |     61 |     46 |     15 |      0 |     45 |   1 |   61.0 |
               +--------+--------+--------+--------+--------+-----+--------+

Top non-repeatable levels by time:
     D:4: 1770 daAuts
     D:3: 1504 daAuts
     D:2: 1471 daAuts
     D:5: 1158 daAuts
     D:1: 1050 daAuts
     D:6: 274 daAuts
  Temple: 61 daAuts
